 Seeded DCSS version 0.27.1-3-gb3d3a73c9e (webtiles) character file.

Game seed: 20211022 (custom seed)

290 jessy the Covert (level 6, -5/41 HPs)
             Began as an Octopode Brigand on Oct 22, 2021.
             Was a Priest of Lugonu.
             Slain by Terence (8 damage)
             ... on level 3 of the Dungeon.
             The game lasted 00:12:30 (3024 turns).

jessy the Covert (Octopode Brigand)                 Turns: 3024, Time: 00:12:33

Health: -5/41      AC:  1    Str: 13    XL:     6   Next: 32%
Magic:  6/6        EV: 17    Int: 13    God:    Lugonu [***...]
Gold:   154        SH:  0    Dex: 13    Spells: 5/5 levels left

rFire    . . .     SeeInvis +   q - +0 scythe
rCold    . . .     Faith    .   (shield currently unavailable)
rNeg     . . .     Spirit   .   (helmet restricted)
rPois    .         Reflect  .   (no amulet)
rElec    .         Harm     .   e - +4 ring of evasion
rCorr    .         Rampage  .   l - ring of see invisible
Will     .....                  (no ring)
Stlth    +++++.....             (no ring)
HPRegen  0.13/turn              (no ring)
MPRegen  0.10/turn              (no ring)
                                (no ring)
                                (no ring)

@: no status effects
A: almost no armour, amphibious, 8 rings, camouflage 1, gelatinous body 1,
(nimble swimmer 1), tentacles
a: Renounce Religion, Depart the Abyss, Bend Space, Banish


You were on level 3 of the Dungeon.
You worshipped Lugonu.
Lugonu was most pleased with you.
You visited 1 branch of the dungeon, and saw 3 of its levels.

You collected 154 gold pieces.

Inventory:

Hand Weapons
 a - a +2 dagger
 f - a +1 short sword of venom
 h - a +0 dagger
 i - a +0 flail
 o - a +2 spear of distortion
 q - a +0 scythe (weapon)
Missiles
 b - 8 poisoned darts (quivered)
 c - 2 curare-tipped darts
 g - 2 stones
Armour
 j - a +0 chain mail
 k - a +0 leather armour
Jewellery
 e - a +4 ring of evasion (left tentacle)
 l - a ring of see invisible (right tentacle)
Scrolls
 n - a scroll of enchant armour {unknown}
 r - a scroll of identify {unknown}
Potions
 d - a potion of lignification {unknown}
 m - a potion of might {unknown}
 p - a potion of brilliance {unknown}


   Skills:
 + Level 2.9 Fighting
 + Level 2.4 Short Blades
 + Level 2.3 Maces & Flails
 + Level 0.9 Polearms
 + Level 2.1 Throwing
 + Level 2.1 Dodging
 + Level 8.0 Stealth


You had 5 spell levels left.
You didn't know any spells.
Your spell library contained the following spells:

 Spells                   Type           Power      Damage    Failure   Level
 Animate Skeleton         Necr           0%         N/A       30%         1
 Pain                     Necr           0%         1d4       30%         1
 Stone Arrow              Conj/Erth      0%         3d7       67%         3
 Vampiric Draining        Necr           0%         2d6       67%         3
 Lehudib's Crystal Spear  Conj/Erth      0%         10d2      100%        8
 Animate Armour           Summ/Erth      Unusable   N/A       N/A         4

Dungeon Overview and Level Annotations

Branches:
Dungeon (3/15)

Altars:
Lugonu

Annotations:
D:3 Grinder, Terence


Innate Abilities, Weirdness & Mutations

You cannot wear most types of armour.
You are amphibious.
You can wear up to eight rings at the same time.
Your skin changes colour to match your surroundings (Stealth+).
Your rubbery body absorbs attacks. (AC +1, EV +1)
((You are camouflaged near water. (Stealth+)))
You have tentacles for arms and can constrict up to eight enemies at once.


Message History

You closely miss the frilled lizard. You grab the frilled lizard.
You constrict the frilled lizard.
You kill the frilled lizard!
Lugonu accepts your kill.
You see here a frilled lizard corpse.
You see here a frilled lizard corpse.
You start resting.
HP restored.
The helpless ball python fails to defend itself.
You slash the ball python!
You kill the ball python!
Lugonu accepts your kill.
Found 8 gold pieces.
A bat and Grinder come into view.
Terence the Incautious comes into view.
He is wielding a +0 hand axe.
The bat completely misses you. The bat closely misses you.
The bat barely misses you. The bat completely misses you.
Terence shouts!
The bat barely misses you. The bat completely misses you. The bat hits you.
Grinder shouts!
You hit Terence but do no damage. Your grab misses Terence. The bat misses you.
The bat closely misses you. Terence hits you with a +0 hand axe! x2
The bat hits you.
You closely miss Terence. You grab Terence.
You squeeze Terence, but do no damage.
You constrict Terence, but do no damage.
The bat misses you. The bat closely misses you. Terence barely misses you.
Grinder hits you!
You writhe in agony.
Terence hits you with a +0 hand axe.
* * * LOW HITPOINT WARNING * * *
You slash Terence! You squeeze Terence, but do no damage.
Terence is severely wounded.
You constrict Terence. The bat misses you. Grinder gestures at you.
Pain shoots through your body!
* * * LOW HITPOINT WARNING * * *
Terence hits you with a +0 hand axe!
You die...

........#..###......
........#....+..........
............##..........
........##..##...#......
.......................#
.....###................
.....# #.............#
.....# #......$.@5...#
.....# #......b.@....#
.##### #.#####.......#
.# #. #....#### .# #.
#....# .# #....# .#
###### ..


You could see Grinder, Terence and a bat.

Vanquished Creatures
  Sigmund (D:2)
  A scorpion (D:3)
  A gnoll (D:1)
  An adder (D:2)
  A worm (D:3)
  A dart slug (D:2)
  10 ball pythons
  10 endoplasms
  5 giant cockroaches
  5 goblins (D:2)
  5 hobgoblins
  3 jackals (D:2)
  2 quokkas (D:1)
  2 bats (D:1)
  4 frilled lizards
  4 kobolds
  2 rats (D:1)
58 creatures vanquished.

Notes
Turn   | Place    | Note
-------+----------+-------------------------------------------
     0 | D:1      | jessy the Octopode Brigand began the quest for the Orb.
     0 | D:1      | Reached XP level 1. HP: 14/14 MP: 1/1
    54 | D:1      | Reached XP level 2. HP: 8/19 MP: 2/2
   305 | D:1      | Reached skill level 6 in Stealth
   594 | D:1      | Found a faded altar of an unknown god.
   617 | D:1      | Became a worshipper of Lugonu the Unformed
   617 | D:1      | Reached * piety under Lugonu
   617 | D:1      | Reached ** piety under Lugonu
   655 | D:1      | Reached XP level 3. HP: 24/24 MP: 3/3
  1858 | D:2      | Noticed Sigmund
  2008 | D:2      | Reached XP level 4. HP: 26/30 MP: 4/4
  2386 | D:2      | Killed Sigmund
  2387 | D:2      | Reached skill level 7 in Stealth
  2387 | D:2      | Reached XP level 5. HP: 23/36 MP: 5/5
  2511 | D:2      | Reached *** piety under Lugonu
  2666 | D:3      | Reached XP level 6. HP: 40/41 MP: 6/6
  2780 | D:3      | Reached skill level 8 in Stealth
  3009 | D:3      | Noticed Grinder
  3012 | D:3      | Noticed Terence
  3024 | D:3      | Slain by Terence

Illustrated notes

Levels and vault maps discovered:
D:1:      minmay_arrival_jagged, layout_rooms,
          ebering_ecumenical_altar_sacrificial, serial_corexii_hall,
          chequers_hall_statues_wall_a, corexii_hall_statues_s,
          corexii_hall_statues_l, chequers_hall_statues_corner_a, minmay_tripent
D:2:      layout_loops_ring, minmay_distorted, uniq_sigmund
D:3:      layout_basic, palyth_stone_intersect, uniq_grinder, uniq_ijyb,
          uniq_terence

Skill      XL: |  1  2  3  4  5  6 |
---------------+-------------------+-----
Stealth        | 6 7 8 |  8.0
Maces & Flails | 2 |  2.3
Dodging        | 2 |  2.1
Fighting       | |  2.9
Short Blades   | |  2.4
Polearms       | |  0.9
Throwing       | |  2.1

Action                   |  1- 3 |  4- 6 || total
-------------------------+-------+-------++-------
Melee: Dagger            |    20 |       ||    20
       Constrict         |    16 |     9 ||    25
       Tentacles         |     7 |     9 ||    16
       Short sword       |    25 |       ||    25
       Flail             |    20 |    12 ||    32
       Spear             |       |     8 ||     8
       Scythe            |       |    20 ||    20
 Stab: Sleeping          |    14 |     3 ||    17
Armor: Skin              |     6 |     2 ||     8
Dodge: Dodged            |    53 |    45 ||    98
